 Dungeon Crawl Stone Soup version 0.28-a0-384-g9e0c098162 (webtiles) character file.

Game seed: 17905750219332383168

711 thedisplayname the Skirmisher (level 7, 0/76 HPs)
             Began as an Ogre Berserker on Sept 2, 2021.
             Was a Believer of Trog.
             Slain by a gnoll (4 damage)
             ... on level 4 of the Dungeon.
             The game lasted 00:06:50 (3946 turns).

thedisplayname the Skirmisher (Ogre Berserker)      Turns: 3946, Time: 00:06:50

Health: 0/76       AC: 11    Str: 22    XL:     7   Next: 68%
Magic:  0/7        EV: 11    Int:  8    God:    Trog [**....]
Gold:   108        SH:  0    Dex: 10    Spells: 6/6 levels left

rFire   . . .      SeeInvis .   i - +1 mace (protect)
rCold   . . .      Faith    .   (no shield)
rNeg    . . .      Spirit   +   b - +1 animal skin
rPois   .          Reflect  .   (helmet restricted)
rElec   .          Harm     .   (no cloak)
rCorr   .          Rampage  .   (gloves unavailable)
Will    ++...                   (boots unavailable)
Stlth   +.........              k - amulet of guardian spirit
HPRegen 1.22/turn               (no ring)
MPRegen 0.10/turn               (no ring)

@: strong-willed, under a protective aura, on berserk cooldown, regenerating,
slowed, very slow
A: large, unfitting armour, tough skin 1
a: Renounce Religion, Berserk, Trog's Hand


You were on level 4 of the Dungeon.
You worshipped Trog.
Trog was pleased with you.
You visited 1 branch of the dungeon, and saw 4 of its levels.

You collected 108 gold pieces.

Inventory:

Hand Weapons
 a - a +0 mace
 i - a +1 mace of protection (weapon)
Armour
 b - a +1 animal skin (worn)
 f - a +0 pair of gloves
 g - a +0 pair of boots
Jewellery
 k - an amulet of guardian spirit (around neck)
 l - a ring of resist corrosion
 n - a ring of protection from cold
Scrolls
 c - a scroll of vulnerability {unknown}
 d - 4 scrolls of immolation
 e - 2 scrolls of teleportation
 h - a scroll of fog
 j - a scroll of fear
Potions
 m - a potion of lignification
 p - 3 potions of curing


   Skills:
 + Level 6.7 Fighting
 * Level 5.8 Maces & Flails
 + Level 4.6 Dodging
 - Level 0.2 Stealth


You had 6 spell levels left.
You didn't know any spells.
Your spell library was empty.

Dungeon Overview and Level Annotations

Branches:
Dungeon (4/15)
 Temple: D:4-7

Altars:
Gozag


Innate Abilities, Weirdness & Mutations

You are too large for most types of armour.
You have tough skin. (AC +1)


Message History

You kill the dart slug!
Trog accepts your kill. The gnoll misses you.
The gnoll hits you with a +0 flail. The gnoll barely misses you.
The gnoll hits you with a +0 flail. The gnoll misses you.
The gnoll hits you but does no damage.
You closely miss the gnoll. The gnoll hits you with a +0 spear.
The gnoll closely misses you. x2
You closely miss the gnoll. The gnoll misses you.
The gnoll barely misses you. x2
The gnoll closely misses you. The gnoll barely misses you.
The gnoll hits you from afar with a +0 spear.
Okay, then.
Your skin crawls.
You feel strong-willed. The gnoll barely misses you.
The gnoll hits you with a +0 flail! The gnoll barely misses you.
You closely miss the gnoll. The gnoll hits you with a +0 spear!
The gnoll hits you with a +0 flail. The gnoll barely misses you.
The gnoll closely misses you. The gnoll barely misses you.
The gnoll hits you from afar with a +0 spear.
* * * LOW HITPOINT WARNING * * *
You hit the gnoll.
Your weapon exudes an aura of protection.
The gnoll is moderately wounded.
The gnoll barely misses you. x2; The gnoll closely misses you.
The gnoll hits you but does no damage. x2
You hit the gnoll.
The gnoll is moderately wounded.
The gnoll hits you but does no damage. The gnoll hits you with a +0 spear.
* * * LOW HITPOINT WARNING * * *
The gnoll hits you but does no damage. The gnoll barely misses you.
You barely miss the gnoll.
The gnoll is moderately wounded.
The gnoll hits you with a +0 spear.
* * * LOW HITPOINT WARNING * * *
The gnoll hits you with a +0 flail!
* * * LOW HITPOINT WARNING * * *
The gnoll closely misses you. x2; The gnoll hits you with a +0 spear!
* * * LOW HITPOINT WARNING * * *
The gnoll hits you from afar with a +0 spear.
You die...

........#
........#
........#
........#
........#
........#
....?ggg#
......)@# #######
(...###'####...).#
##### .
..##........##.#
#....
...............>#
#.###
#...#........##(#
#.#..
#...####.##+###.#
#.#.# ### #..#.#
#.# #.#
##.#.###.###.#
#.........#.#


You could see 3 gnolls.

Vanquished Creatures
  Grinder (D:3)
  An ogre (D:4)
  A phantom (D:4)
  A water moccasin skeleton (D:4)
  A gnoll shaman (D:4)
  A centaur skeleton (D:4)
  Jessica (D:2)
  A bullfrog skeleton (D:4)
  An iguana (D:4)
  Natasha (thrice) (D:3)
  Robin (D:4)
  An adder (D:4)
  2 gnolls (D:4)
  2 worms
  2 dart slugs
  6 orcs (D:3)
  5 ball pythons
  An endoplasm (D:3)
  2 giant cockroaches
  11 goblins
  5 hobgoblins
  3 jackals (D:3)
  A kobold (D:2)
  4 quokkas
  5 bats
  2 frilled lizards
  3 rats
68 creatures vanquished.

Notes
Turn   | Place    | Note
-------+----------+-------------------------------------------
     0 | D:1      | thedisplayname the Ogre Berserker began the quest for the
                  | Orb.
     0 | D:1      | Reached XP level 1. HP: 24/24 MP: 1/1
   208 | D:1      | Found a faded altar of an unknown god.
   365 | D:1      | Reached XP level 2. HP: 30/32 MP: 2/2
  1033 | D:2      | Noticed Jessica
  1038 | D:2      | Killed Jessica
  1039 | D:2      | Reached XP level 3. HP: 40/40 MP: 3/3
  1450 | D:2      | Reached ** piety under Trog
  1775 | D:3      | Reached XP level 4. HP: 44/49 MP: 4/4
  2110 | D:3      | Noticed Grinder
  2114 | D:3      | Paralysed by Grinder for 3 turns
  2121 | D:3      | Killed Grinder
  2122 | D:3      | Reached skill level 5 in Fighting
  2122 | D:3      | Reached XP level 5. HP: 54/59 MP: 5/5
  2122 | D:3      | Reached XP level 6. HP: 61/67 MP: 6/6
  2499 | D:3      | Noticed Natasha
  2514 | D:3      | Killed Natasha
  2579 | D:3      | Noticed Natasha
  2586 | D:3      | Killed Natasha
  2869 | D:3      | Noticed Natasha
  2881 | D:3      | Killed Natasha
  3184 | D:4      | Reached skill level 6 in Fighting
  3184 | D:4      | Reached skill level 5 in Maces & Flails
  3298 | D:4      | Reached XP level 7. HP: 41/75 MP: 3/7
  3489 | D:4      | Found an opulent altar of Gozag.
  3523 | D:4      | Noticed Robin
  3537 | D:4      | Killed Robin
  3946 | D:4      | Slain by a gnoll

Illustrated notes

Levels and vault maps discovered:
D:1:      psy_arrival_conway, layout_loops_ring, basic_ecumenical_altar,
          minmay_misc_feat_x, minmay_tiny_reverse_x
D:2:      layout_basic, nrook_loot_triangle, uniq_jessica
D:3:      layout_loops_ring, minmay_misc_feat_iff, uniq_natasha, uniq_grinder
D:4:      minmay_chambers_of_fours, layout_basic, kennysheep_little_box,
          uniq_robin

Skill      XL: |  1  2  3  4  5  6 |
---------------+-------------------+-----
Maces & Flails | 3 4 5 |  5.8
Dodging        | 3 4 |  4.6
Fighting       | 5 6 |  6.7
Stealth        | |  0.2

Action                   |  1- 3 |  4- 6 |  7- 9 || total
-------------------------+-------+-------+-------++-------
Melee: Mace              |    63 |   104 |    78 ||   245
Invok: Trog's Hand       |       |     1 |     2 ||     3
       Berserk           |       |     1 |     1 ||     2
  Use: Scroll            |     3 |     3 |       ||     6
       Potion            |     2 |     1 |       ||     3
Armor: Animal skin       |    26 |    37 |    48 ||   111
Dodge: Dodged            |    39 |    62 |    69 ||   170

Table legend: (Time is in decaauts)
 A = Elapsed time spent in this place.
 B = Non-inter-level travel time spent in this place.
 C = Inter-level travel time spent in this place.
 D = Time resting spent in this place.
 E = Time spent auto-exploring this place.
 F = Levels seen in this place.
 G = Mean time per level.
                   A        B        C        D        E       F      G
               +--------+--------+--------+--------+--------+-----+--------+
         Total |   4003 |   3901 |    102 |    796 |   2477 |   4 | 1000.8 |
       Dungeon |   4003 |   3901 |    102 |    796 |   2477 |   4 | 1000.8 |
               +--------+--------+--------+--------+--------+-----+--------+

Top non-repeatable levels by time:
     D:3: 1423 daAuts
     D:2: 881 daAuts
     D:1: 878 daAuts
     D:4: 819 daAuts
